 Dungeon Crawl Stone Soup version 0.17.1-1-g73c8601 (webtiles) character file.

88 Goblin1989 the Insei (level 4, 0/23 HPs)
             Began as a Vine Stalker Monk on Jan 5, 2016.
             Slain by Elvalys's ghost (5 damage)
             ... on level 3 of the Dungeon.
             The game lasted 00:03:42 (1939 turns).

Goblin1989 the Insei (Vine Stalker Monk)            Turns: 1939, Time: 00:03:43

Health: 0/23       AC:  3    Str: 14    XL:     4   Next: 54%
Magic:  0/5        EV: 13    Int: 10    God:
Gold:   81         SH:  0    Dex: 17    Spells: 0 memorised, 3 levels left

rFire  . . .     SeeInvis .       - Unarmed
rCold  . . .     Clarity  .     a - +0 robe
rNeg   . . .     SustAt   .     (no shield)
rPois  .         Gourm    .     (no helmet)
rElec  .         Spirit   +     (no cloak)
rCorr  .         Warding  .     k - +0 pair of gloves
rMut   .         Stasis   .     (no boots)
MR     .....                    (no amulet)
Stlth  ++........               (no ring)
                                (no ring)

@: not resistant to hostile enchantments, unstealthy
A: fangs 2, regeneration 1, magic shield, antimagic bite, no device heal 3, rot
immunity
a: no special abilities


You were on level 3 of the Dungeon.
You were not hungry.

You visited 1 branch of the dungeon, and saw 3 of its levels.

You collected 81 gold pieces.

Inventory:

Missiles
 j - a throwing net (quivered)
Armour
 a - a +0 robe (worn)
 k - a +0 pair of gloves (worn)
Scrolls
 e - 3 scrolls of identify {unknown}
 f - a scroll of immolation {unknown}
 g - 2 scrolls of teleportation {unknown}
 h - a scroll of recharging {unknown}
 i - 4 scrolls of enchant weapon {unknown}
 l - 2 scrolls of random uselessness {unknown}
 o - 3 scrolls of remove curse {unknown}
 p - a scroll of amnesia {unknown}
 q - a scroll of fog {unknown}
 r - a scroll of fear {unknown}
 s - a scroll of noise {unknown}
Potions
 c - a potion of heal wounds {unknown}
 m - 2 potions of cure mutation {unknown}
 n - 2 potions of curing {unknown}
Comestibles
 b - 3 bread rations
 d - 4 fruits
 t - a chunk of flesh


   Skills:
 - Level 2.6 Fighting
 - Level 2.4 Dodging
 - Level 2.4 Stealth
 * Level 5.8 Unarmed Combat


You had 3 spell levels left.
You didn't know any spells.

Dungeon Overview and Level Annotations

Branches:
Dungeon (3/15)

Altars:
Dithmenos
Vehumet

Annotations:
D:3 Elvalys's ghost, amateur SpAs


Innate Abilities, Weirdness & Mutations

You have extremely sharp teeth.
Your natural rate of healing is unusually fast.
When hurt, damage is shared between your health and your magic reserves.
Your bite disrupts and absorbs the magic of your enemies.
Potions and wands cannot restore your health.
You are immune to rotting.


Message History

The floor.
You closely miss Elvalys's ghost.
Elvalys's ghost is moderately damaged.
Elvalys's ghost misses you.
You barely miss Elvalys's ghost.
Elvalys's ghost is moderately damaged.
Elvalys's ghost barely misses you.
You hit Elvalys's ghost but do no damage.
Elvalys's ghost is moderately damaged.
Elvalys's ghost closely misses you.
You closely miss Elvalys's ghost.
Elvalys's ghost is moderately damaged.
Elvalys's ghost hits you.
* * * LOW HITPOINT WARNING * * *
Elvalys's ghost freezes you.
* * * LOW HITPOINT WARNING * * *
You barely miss Elvalys's ghost. Your bite misses Elvalys's ghost.
Elvalys's ghost is moderately damaged.
Elvalys's ghost hits you.
You die...

##.....######### ####.#
................. ......
..######....###.# #.##W#
#.# #....# #.# #.##.# #.#
#....# #.### #.##.# ..#
#....# #.#.# #.##.#
#.######....###.#.###.##.#
#.#...##......#.#........#
#.#...###.......@W...(.#.#
..#...#######÷#.#.##.....#
..#.......# #............#
#.#.......+.....#.##...#.#
.....<....###.#...##...#.#
#.##......###.#.###.......
#.####........#..
.....###.
.........######.###.....
.# ...†.....### #..####


You could see Elvalys's ghost.

Vanquished Creatures
  5 adders
  A worm (D:2)
  2 giant geckos
  3 giant cockroaches
  4 hobgoblins
  6 kobolds
  10 bats
  3 giant newts
  8 goblins
  4 rats (D:2)
46 creatures vanquished.

Vanquished Creatures (others)
  A hobgoblin (D:2)
  A kobold (D:2)
2 creatures vanquished.

Grand Total: 48 creatures vanquished

Notes
Turn   | Place    | Note
--------------------------------------------------------------
     0 | D:1      | Goblin1989 the Vine Stalker Monk began the quest for the Orb.
     0 | D:1      | Reached XP level 1. HP: 11/11 MP: 2/2
   333 | D:1      | Reached XP level 2. HP: 16/16 MP: 3/3
   860 | D:2      | Reached XP level 3. HP: 19/19 MP: 4/4
   929 | D:2      | Reached skill level 5 in Unarmed Combat
  1048 | D:2      | Found a shadowy altar of Dithmenos.
  1097 | D:2      | Found a radiant altar of Vehumet.
  1250 | D:2      | Reached XP level 4. HP: 14/23 MP: 5/5
  1920 | D:3      | Noticed Elvalys's ghost (amateur SpAs)
  1939 | D:3      | Slain by Elvalys's ghost

Action                   |  1- 3 |  4- 6 || total
-------------------------+-------+-------++-------
Melee: Unarmed           |    85 |    31 ||   116
 Stab: Sleeping          |     6 |       ||     6
  Eat: Chunk             |       |     3 ||     3
